[Event "31st Kavala Open-A 2022"]
[Site "Kavala"]
[Date "2022.08.01"]
[Round "8.10"]
[White "Trimitzios, Petros"]
[Black "Ladopoulos, Dimitrios"]
[Result "1/2-1/2"]
[ECO "E09"]
[WhiteElo "2369"]
[BlackElo "2335"]
[Annotator "TA"]
[PlyCount "89"]
[EventDate "2022.07.27"]
[EventType "swiss"]
[EventCountry "GRE"]
[SourceTitle "playchess.com"]
[Source "ChessBase"]
[SourceQuality "1"]
[TimeControl "40/5400+30:1800+30"]

1. d4 e6 2. c4 d5 3. Nf3 Nf6 4. g3 Bb4+ 5. Bd2 Be7 6. Bg2 O-O 7. O-O c6 8. Qc2 b6 9. Bf4 Bb7 10. Nbd2 Nbd7 11. e4 Nxe4 12. Nxe4 dxe4 13. Qxe4 Nf6 {[%emt 0:01:50] E09: Closed Catalan: Main Line: 7 Qc2 c6 8 Nbd2.} 14. Qe2 c5 15. Rfd1 cxd4 {[%emt 0:06:50] White is slightly better.} 16. Nxd4 Qc8 17. Rac1 Bxg2 18. Kxg2 Qb7+ 19. Qf3 Qxf3+ 20. Kxf3 {[%emt 0:00:02] [#]} Rfc8 $146 {[%emt 0:06:07] Against Nc6} ({Predecessor:} 20... Rfd8 21. Nc6 Rxd1 22. Rxd1 Kf8 23. b4 Ke8 24. a4 a6 25. Nxe7 Kxe7 26. Bd6+ Ke8 27. c5 b5 {½-½ (65) Deepan Chakkravarthy,J (2480)-Navin,K (2369) New Delhi 2010}) 21. b3 Kf8 22. Nb5 a6 23. Nd6 Rc6 24. Ne4 Nxe4 25. Kxe4 b5 26. Be3 f5+ 27. Kf3 Ke8 28. Ke2 e5 29. c5 Kf7 30. b4 a5 31. a4 Rb8 32. bxa5 {[%emt 0:00:48] The position is equal.} bxa4 33. Rc4 a3 34. Ra1 Rb2+ 35. Kf3 Rb3 36. Ke2 Rb2+ 37. Kf3 Rb3 38. Kg2 g5 39. Ra4 {[%emt 0:04:37] [#] Hoping for a6.} f4 $1 ({Much less strong is} 39... Bxc5 40. Bxc5 Rxc5 41. a6 $16 (41. R1xa3 Rb2 $16)) 40. a6 {[%emt 0:00:00] Bc1 is the strong threat.} fxe3 41. a7 Rc8 {[%emt 0:05:09] White must now prevent ...Ra8.} 42. a8=Q Rxa8 43. Rxa8 {[%emt 0:00:02] [#] Strongly threatening Rc1.} Bxc5 44. fxe3 ({Of course not} 44. Ra5 Bd4 45. Ra2 exf2 46. R5xa3 Rb1 47. Rxf2+ Bxf2 48. Kxf2 h5 $17) 44... g4 45. Kf1 {[%emt 0:11:35] Weighted Error Value: White=0.03 (flawless) /Black=0.02 (flawless)} 1/2-1/2

[Event "31st Kavala Open-A 2022"]
[Site "Kavala"]
[Date "2022.08.01"]
[Round "8.11"]
[White "Spyratos, Nikolaos"]
[Black "Zawadzka, Jolanta"]
[Result "0-1"]
[ECO "B40"]
[WhiteElo "2268"]
[BlackElo "2416"]
[Annotator "TA"]
[PlyCount "118"]
[EventDate "2022.07.27"]
[EventType "swiss"]
[EventCountry "GRE"]
[SourceTitle "playchess.com"]
[Source "ChessBase"]
[SourceQuality "1"]
[TimeControl "40/5400+30:1800+30"]

1. e4 c5 2. Nf3 e6 3. c3 Nf6 4. Bd3 d5 5. e5 Nfd7 6. Bc2 {[%emt 0:00:07] B40: Sicilian: 2...e6, Unusual lines.} c4 7. d4 cxd3 $1 8. Bxd3 {[%emt 0:00:06] The position is equal.} Nc6 9. Qe2 Qc7 10. Bf4 {[%emt 0:07:38] [#]} b6 $146 ({Predecessor:} 10... h6 11. h4 g6 12. Nbd2 Bg7 13. Bb5 a6 14. Bxc6 bxc6 15. O-O a5 16. c4 Ba6 {1-0 (50) Maghsoodloo,P (2698)-Praggnanandhaa,R (2608) Chess.com INT 2021}) 11. O-O Nc5 12. Nbd2 (12. Na3 $5 ) 12... Be7 13. Rfe1 Nxd3 14. Qxd3 a5 15. a4 Ba6 16. Qb1 O-O 17. Nb3 Rac8 (17... Rfb8 $15) 18. Nbd4 Nb8 19. Re3 Nd7 20. Ng5 $1 Bxg5 21. Bxg5 Rfe8 (21... Nc5 $1 $14) 22. Qd1 $1 $16 ({Much weaker is} 22. Rh3 $6 Nf8 $11) 22... Nxe5 23. Bf4 $1 f6 24. Qh5 ({White should play} 24. Bg3 $16) 24... Qf7 $11 25. Qxf7+ Nxf7 26. Rxe6 Rxe6 27. Nxe6 Ne5 28. Be3 Nc4 29. Rb1 Nxe3 30. fxe3 {[%emt 0:00:02][%mdl 4096] Endgame KRB-KRN} Rc4 31. Nf4 Bb7 32. Rd1 Rxa4 33. Nxd5 Ra2 {[%emt 0:06:34] Threatens to win with ...Bxd5.} 34. Nxb6 {[%emt 0:00:32] [#]} Bxg2 $1 35. Nc4 Bc6 36. Rd6 Bb5 37. Na3 Be8 (37... Rxb2 $2 38. Rb6 $18) 38. Rd2 Kf7 39. Kf2 Ke6 40. Kg3 (40. e4 $11) 40... g5 $15 41. c4 h5 42. c5 {[%emt 0:02:21] Black continues to play with concentration.} Ra1 43. Nc4 h4+ 44. Kf2 Rh1 45. Rd6+ {[%emt 0:00:28] [#]} Ke7 $1 46. h3 (46. Nb6 {was called for.}) 46... Rh2+ (46... Rxh3 47. Nb6 $17) 47. Kg1 {[%emt 0:00:12] [#]} Rc2 ({Worse is} 47... Rxh3 48. Nb6 $15) 48. Rd4 Bd7 49. Re4+ Kf8 50. Rd4 Be6 51. Nxa5 Rxc5 52. b4 Rc1+ 53. Kg2 Rc2+ 54. Kg1 Bxh3 {[%emt 0:00:24] Hoping for ...g4.} 55. Nc4 (55. Nb3 $19) 55... g4 {[%emt 0:01:24][%cal Bg5g4,Bg4g3][%mdl 32] Black mates.} 56. Na3 Rg2+ 57. Kh1 Ra2 58. Nc4 g3 59. Rd1 Bg2+ {[%emt 0:00:09] Weighted Error Value: White=0.30/Black=0.07 (flawless)} 0-1

[Event "31st Kavala Open-A 2022"]
[Site "Kavala"]
[Date "2022.08.01"]
[Round "8.12"]
[White "Magalakis, Stefanos"]
[Black "Levin, Guy"]
[Result "0-1"]
[ECO "E16"]
[WhiteElo "2181"]
[BlackElo "2363"]
[Annotator "TA"]
[PlyCount "118"]
[EventDate "2022.07.27"]
[EventType "swiss"]
[EventCountry "GRE"]
[SourceTitle "playchess.com"]
[Source "ChessBase"]
[SourceQuality "1"]
[TimeControl "40/5400+30:1800+30"]

1. Nf3 d5 2. g3 b6 3. Bg2 Bb7 4. d4 Nf6 5. O-O e6 6. c4 dxc4 7. Qa4+ {[%emt 0:01:05] E16: Queen's Indian: 4 g3 Bb7 5 Bg2 Bb4+.} Nbd7 8. Ne5 Bxg2 9. Kxg2 {[%emt 0:00:04] The position is equal.} a6 10. Qc6 Be7 11. Nxc4 O-O {[%emt 0:00:39] [#]} 12. Bf4 $146 ({Predecessor:} 12. Nc3 Rc8 13. Rd1 b5 14. Ne5 b4 15. Nxd7 Qxd7 16. Qxd7 Nxd7 17. Na4 c5 18. d5 exd5 19. Rxd5 {½-½ (38) Pawlowski,W (2122)-Pohjosmaki,R (2247) ICCF email 2012}) 12... Nd5 13. Nc3 Nxf4+ 14. gxf4 b5 15. Ne5 Nxe5 16. dxe5 Qd2 17. Qxc7 Qxb2 18. Rab1 Qc2 19. Qxe7 {[%emt 0:03:49] Black must now prevent Rfc1.} Qxc3 20. Qb4 Qc2 21. Rb2 Qg6+ 22. Kh1 Rfc8 23. Rg1 Qf5 24. Rg5 Qh3 25. Rb1 {[%emt 0:00:13] Prevents Qf1+.} (25. Rg1 $17) 25... Rc4 (25... Qh4 $19 26. Qe4 Qxf2) 26. Qe7 {[%emt 0:02:04][%cal Og5g7] Intending Rxg7+! and mate.} g6 (26... Rxf4 27. Rxg7+ $1 Kxg7 28. Qg5+ Kf8 29. Qxf4 $11) 27. Qf6 Rac8 ({Better is} 27... Qc3 {...Qd2 is the strong threat.} 28. Rd1 Rd4) 28. Rbg1 Rc1 (28... Qh6 $17 {And now ...Qg7 would win.} 29. f5 Rh4) 29. Rxc1 Rxc1+ $11 {[%emt 0:00:02][%mdl 4096] Endgame KQR-KQR} 30. Rg1 Rc8 31. Rd1 Qf5 $40 {[%emt 0:00:15][%mdl 128] Black attacks.} (31... h6 {keeps more tension.} 32. Kg1 b4 33. f3 Qf5) 32. Qxf5 (32. Kg2 $11 {keeps the balance.}) 32... gxf5 {[%emt 0:00:02] KR-KR} 33. Rd6 a5 $1 34. Ra6 (34. Rb6 $17 Rc2 35. Rxb5 Rxe2 36. Rxa5 Rxf2 37. Ra4) 34... a4 $19 35. Rb6 Rc2 $1 36. Rxb5 Rxe2 (36... Rxa2 $142 37. Ra5 Rxe2 38. Rxa4 Rxf2) 37. a3 (37. Kg2 $17 {might work better.}) 37... Ra2 ({Worse is} 37... Rxf2 38. Rb4 $17) (37... Re4 $1 $19 38. Kg2 Rxf4) 38. Kg2 Rxa3 39. Ra5 {[%emt 0:00:06] [#]} ({White must play} 39. Rb8+ Kg7 40. Ra8) 39... Ra1 ({Black should try} 39... Kf8 $1 40. Ra7 Ra2) 40. Ra7 a3 41. h3 $2 {[%emt 0:03:12] [#]} (41. Ra8+ $17 Kg7 42. Ra7) 41... Kf8 $1 {[%emt 0:03:07] Threatens to win with ...Ke8.} 42. Kh2 $2 (42. Kg3 $17) 42... h6 ({Avoid the trap} 42... a2 $2 43. Ra8+ Ke7 44. Ra7+ Kd8 45. Kg2 $19) 43. Kg2 Ke8 44. Kg3 (44. h4 {was the only defense.}) 44... Kd8 ({Don't go for} 44... a2 $2 45. Kf3 $19) 45. Kh4 $2 (45. Kg2) 45... a2 46. Ra3 Kc7 47. Ra8 Kc6 48. Ra5 Kb6 49. Ra8 Kc5 50. Ra4 Kd5 51. f3 Kc5 {[%emt 0:00:05] Black mates.} 52. Ra7 Kd4 53. Ra3 Kc4 54. Ra8 Kd3 55. Ra3+ Kd4 56. Ra5 Ke3 57. Ra4 Kxf3 58. Kh5 Rh1 59. Rxa2 Rxh3# {[%emt 0:00:06] Weighted Error Value: White=0.62/Black=0.15 (very precise)} 0-1

[Event "31st Kavala Open-A 2022"]
[Site "Kavala"]
[Date "2022.08.01"]
[Round "8.13"]
[White "Markidis, Konstantinos"]
[Black "Koutlas, Nikolaos"]
[Result "1/2-1/2"]
[ECO "B51"]
[WhiteElo "2259"]
[BlackElo "2314"]
[Annotator "TA"]
[PlyCount "58"]
[EventDate "2022.07.27"]
[EventType "swiss"]
[EventCountry "GRE"]
[SourceTitle "playchess.com"]
[Source "ChessBase"]
[SourceQuality "1"]
[TimeControl "40/5400+30:1800+30"]

1. e4 c5 2. Nf3 d6 3. Bb5+ Nd7 4. c3 Ngf6 5. Bd3 g6 6. Bc2 {[%emt 0:00:17] B51: Sicilian: Moscow Variation (3 Bb5+) without 3...Bd7.} b5 7. d4 {[%emt 0:01:28] Threatening e5.} cxd4 8. cxd4 Bb7 9. Nbd2 Bg7 10. O-O O-O 11. Re1 e5 12. d5 a5 {[%emt 0:00:47] [#]} 13. a4 $146 ({Predecessor:} 13. h3 Ba6 14. Nf1 Nc5 15. Ng3 Nfd7 16. Bg5 Qb8 17. Qd2 b4 18. b3 {1-0 (41) Jobava,B (2588)-Indjic,A (2613) Bucharest 2022}) 13... bxa4 14. Rxa4 Ba6 15. Ra3 Qb6 16. h3 {[%emt 0:01:37] Inhibits Ng4.} Rfc8 17. Nf1 Bxf1 18. Rxf1 Bh6 {[%emt 0:01:39] [#] ...Bxc1 is the strong threat.} 19. Rb3 ({Of course not} 19. Bxh6 Qxb2 20. Qa1 Qxc2 $15) 19... Qxb3 20. Bxb3 Bxc1 21. Ba4 Bxb2 {[%emt 0:01:15] Hoping for ...Nc5.} 22. Bc6 Ra7 23. Qe2 Ba3 24. Rb1 (24. Nd2 $11) 24... Bb4 (24... Bc5 $5 ) 25. Ne1 Nc5 26. f3 Ncd7 27. Qa2 {[%emt 0:02:14][%mdl 1024] [#] Threatens to win with Rxb4. White has compensation.} Bc5+ 28. Kh2 Nb8 (28... a4 $5) 29. Bb5 Na6 {[%emt 0:01:01] Weighted Error Value: White=0.09 (flawless) /Black=0.07 (flawless)} 1/2-1/2

[Event "31st Kavala Open-A 2022"]
[Site "Kavala"]
[Date "2022.08.01"]
[Round "8.14"]
[White "Priyanka Nutakki"]
[Black "Tsaknakis, Zisis"]
[Result "1-0"]
[ECO "D37"]
[WhiteElo "2308"]
[BlackElo "2266"]
[Annotator "TA"]
[PlyCount "69"]
[EventDate "2022.07.27"]
[EventType "swiss"]
[EventCountry "GRE"]
[SourceTitle "playchess.com"]
[Source "ChessBase"]
[SourceQuality "1"]
[TimeControl "40/5400+30:1800+30"]

1. d4 d5 2. c4 e6 3. Nf3 Nf6 4. Nc3 a6 5. cxd5 exd5 6. Bg5 {[%emt 0:00:14] D37: Queen's Gambit Declined: 5 Bf4.} Be6 7. e3 Nbd7 8. Bd3 {[%emt 0:00:34] White has an edge.} Bd6 9. O-O c6 {[%emt 0:00:31] 9...c6 scores better than 9...0-0.} 10. Rc1 O-O 11. h3 h6 12. Bh4 Qc7 13. Qe1 Rfe8 14. Nd2 {[%emt 0:22:26] [#]} Nh7 $146 ({Predecessor:} 14... Qd8 15. f4 Nf8 16. Nf3 Be7 17. g4 c5 18. f5 Bc8 19. Bxf6 Bxf6 20. dxc5 Bd7 {1-0 (54) Karthik,V (2480)-Garcia Martin,M (2323) Prague 2022}) 15. f4 {[%emt 0:09:12][%cal Bf2f4,Bf4f5][%mdl 32] And now f5 would win.} Ndf6 $2 {[%emt 0:02:54] A mistake that costs the game.} (15... f5 $1 $11 {and Black is okay.}) 16. Bxh7+ $18 Nxh7 17. f5 Bd7 {[%emt 0:00:02] [#]} (17... Bh2+ $2 18. Kh1) 18. Nxd5 Qa5 (18... Bh2+ 19. Kh1) 19. Nc3 b5 20. a3 Qb6 21. Nce4 {[%emt 0:02:51] Inhibits c5.} Bf8 22. Qg3 Qb8 23. Qg4 g6 $2 {[%emt 0:07:33] [#]} (23... c5 24. Nxc5 Bxc5) 24. Rxc6 $3 Bg7 {[%emt 0:14:48] [#]} (24... Bxc6 25. fxg6 Kh8 26. gxh7) (24... Kh8 25. Bg3) 25. Rxg6 fxg6 26. Qxg6 Rxe4 27. f6 {[%emt 0:00:00][%csl Gf6][%cal Rg6g7][%mdl 64] Pin} (27. Nxe4 Qe8 28. Qg4 Kh8 $18) 27... Re7 28. f7+ ({Don't blunder} 28. fxg7 $2 Rxg7 29. Qe4 Bxh3 30. Qd5+ Kh8 $19) 28... Kh8 29. Bxe7 Qc7 30. Bd6 Qc6 31. Nf3 Nf8 32. Qg3 {[%emt 0:00:53] Strongly threatening Nh4.} Bf5 33. Nh4 ({Weaker is} 33. Ne5 Qxd6 34. Rxf5 Rc8 $16) 33... Bd3 34. Be5 Bxe5 35. Qg8# {Weighted Error Value: White=0.07 (flawless) /Black=0.61} 1-0

[Event "31st Kavala Open-A 2022"]
[Site "Kavala"]
[Date "2022.08.01"]
[Round "8.15"]
[White "Charkhalashvili, Inga"]
[Black "Stefanou, Dimitrios"]
[Result "1/2-1/2"]
[ECO "A32"]
[WhiteElo "2276"]
[BlackElo "2184"]
[Annotator "TA"]
[PlyCount "57"]
[EventDate "2022.07.27"]
[EventType "swiss"]
[EventCountry "GRE"]
[SourceTitle "playchess.com"]
[Source "ChessBase"]
[SourceQuality "1"]
[TimeControl "40/5400+30:1800+30"]

1. d4 Nf6 2. c4 e6 3. Nf3 c5 4. Nc3 cxd4 5. Nxd4 d5 6. e3 dxc4 7. Bxc4 {[%emt 0:00:28] [#]} Qc7 $146 {[%emt 0:04:09] A32: Symmetrical English: 2 Nf3 Nf6 3 d4 cxd4 4 Nxd4 e6.} ({Predecessor:} 7... a6 8. a4 Bd6 9. b3 O-O 10. O-O Bd7 11. Ba3 Bxa3 12. Rxa3 Nc6 13. Nxc6 Bxc6 14. Qxd8 Rfxd8 15. Raa1 {½-½ (42) Inarkiev,E (2732)-Grischuk,A (2752) Novosibirsk 2016}) 8. Be2 a6 {[%emt 0:01:35] Against Ndb5} 9. Bd2 e5 {[%emt 0:06:41] [#] White is slightly better.} 10. Rc1 $1 Qd8 $1 (10... exd4 $2 11. Nb5 $1 Qd7 12. Nc7+ Kd8 13. Nxa8 $18) 11. Nb3 Nc6 12. Na4 Bd6 13. Nac5 Qe7 14. e4 (14. O-O $14) 14... O-O $15 15. Bg5 ({White should play} 15. O-O $15) 15... Rd8 $17 16. Qc2 {[%emt 0:03:14] [#]} a5 $1 {[%emt 0:06:38] And now ...a4 would win.} 17. Bb5 Nb4 18. Qb1 (18. Qe2 $142) 18... Bxc5 19. Nxc5 b6 20. Nb3 Be6 {[%emt 0:02:55][%cal Ob4a2] aiming for ...Nxa2!} 21. Rc3 {[%emt 0:02:45] [#]} a4 ({Black should try} 21... Nxa2 $1 $17 22. Qxa2 a4) 22. Nc1 $15 Ra5 (22... h6 $5 23. Bxf6 Qxf6 $15) 23. Be2 h6 24. Bxf6 (24. Be3 $1 $11 {keeps the balance.} Qb7 25. f3) 24... Qxf6 $17 ({Much weaker is} 24... gxf6 25. a3 $11) 25. O-O Bd7 (25... Rc5 $17 {White must now prevent ...Rd2.} 26. a3 Nc6) 26. Bc4 Be6 (26... Bb5 $11) 27. Be2 Bd7 ({Better is} 27... Rc5 $17 {Hoping for ...Rd2.} 28. a3 Nc6) 28. Bc4 $11 Be6 (28... Bb5 $11) 29. Be2 {[%emt 0:00:12] Weighted Error Value: White=0.20 (precise) /Black=0.19 (very precise)} 1/2-1/2

[Event "31st Kavala Open-A 2022"]
[Site "Kavala"]
[Date "2022.08.01"]
[Round "8.16"]
[White "Apostolakakis, Konstantinos"]
[Black "Kalogridis, Antonios"]
[Result "1/2-1/2"]
[ECO "B13"]
[WhiteElo "2072"]
[BlackElo "2272"]
[Annotator "TA"]
[PlyCount "159"]
[EventDate "2022.07.27"]
[EventType "swiss"]
[EventCountry "GRE"]
[SourceTitle "playchess.com"]
[Source "ChessBase"]
[SourceQuality "1"]
[TimeControl "40/5400+30:1800+30"]

1. e4 c6 2. d4 d5 3. exd5 cxd5 4. Bd3 Nf6 5. c3 Bg4 6. Qb3 Qc7 7. Ne2 {[%emt 0:03:58] B13: Caro-Kann: Exchange Variation and Panov-Botvinnik Attack.} Bxe2 8. Bxe2 e6 9. Nd2 Bd6 {[%emt 0:00:26] [#]} 10. h3 $146 ({Predecessor:} 10. Nf3 Nc6 11. g3 h5 12. Be3 O-O-O 13. O-O-O Na5 14. Qc2 Nc4 15. Bg5 Kb8 16. Bxc4 Qxc4 {½-½ (39) Carlsen,M (2847)-Ding,L (2799) chess24.com INT 2021}) 10... Nc6 11. O-O O-O 12. Bd3 Rab8 13. Nf3 b5 14. a3 ({Don't blunder} 14. Bxb5 $2 a6 15. a4 Na5 $19) 14... h6 15. Qc2 a5 16. Qe2 b4 17. axb4 axb4 18. Bd2 bxc3 19. bxc3 Na5 20. Rfb1 Nb3 {[%emt 0:03:25] Pair of Knights!} 21. Ra2 ({Better is} 21. Ra6 $15) 21... Nxd2 $17 22. Qxd2 Rxb1+ 23. Bxb1 Rc8 24. Qd3 ({White should play} 24. Qe2 $15) 24... Qc4 (24... Qxc3 $2 25. Rc2 Ne4 26. Rxc3 $18) 25. Qxc4 Rxc4 26. Ne5 Rxc3 {[%emt 0:01:08] [#] White must now prevent ...Rc1+.} 27. Ra8+ Bf8 {[%emt 0:00:01] Threatens to win with ...Rc1+.} 28. Bd3 Rc7 29. f4 Nh5 30. f5 {[%emt 0:01:46] Prevents g6.} Nf4 31. fxe6 Nxe6 32. Ra5 (32. Bf5 $15 Nxd4 33. Bg4) 32... Nxd4 33. Rxd5 Ne6 34. Rd7 Rc1+ 35. Kh2 Re1 36. Nf3 Rc1 37. Ne5 $1 Re1 38. Nf3 Re3 {[%emt 0:00:05] [#] Hoping for ...Nc5.} 39. Bc4 Bc5 40. Kg3 Re4 41. Bd5 Re2 42. Bc4 Bf2+ 43. Kh2 Re4 44. Bd5 Re3 45. Bc4 Ra3 46. Rd2 Bb6 47. Rd3 Bc7+ 48. g3 Ra4 49. Bd5 Nc5 50. Re3 Kf8 $1 {[%emt 0:00:39] Inhibits Re8+.} 51. Kg2 Rb4 52. Ne5 Rb2+ 53. Kf3 Bxe5 54. Rxe5 $15 {[%emt 0:00:28][%cal Od5f7][%mdl 4096] Endgame KRB-KRN} Nd7 55. Re2 Rb5 56. Be4 Ne5+ 57. Kg2 Ke7 58. Bc6 Rc5 59. Be4 Ke6 60. Rf2 Rc3 61. Bf5+ Ke7 62. Be4 Re3 63. Bd5 h5 (63... Rd3 $17 64. Be4 Re3) 64. Rf5 $1 $11 {[%emt 0:00:42] The position is equal.} g6 65. Kf2 gxf5 66. Kxe3 {[%emt 0:00:10] KB-KN} Kf6 67. Kf4 Ng6+ 68. Ke3 Nf8 69. Bf3 Kg6 70. h4 Ne6 71. Be2 Nc7 72. Bf3 Ne8 73. Be2 Nf6 74. Kf4 Nd5+ 75. Ke5 Ne3 76. Kf4 Nd5+ 77. Ke5 Ne7 78. Bd3 Nc6+ 79. Kf4 Nd4 80. Ke5 {[%emt 0:00:27] Weighted Error Value: White=0.08 (flawless) /Black=0.08 (flawless)} 1/2-1/2

[Event "31st Kavala Open-A 2022"]
[Site "Kavala"]
[Date "2022.08.02"]
[Round "9.1"]
[White "Kourkoulos-Arditis, Stamatis"]
[Black "Pijpers, Arthur"]
[Result "1-0"]
[ECO "D75"]
[WhiteElo "2535"]
[BlackElo "2458"]
[Annotator "RC"]
[PlyCount "81"]
[EventDate "2022.07.27"]
[EventType "swiss"]
[EventCountry "GRE"]
[SourceTitle "playchess.com"]
[Source "ChessBase"]
[SourceQuality "1"]
[TimeControl "40/5400+30:1800+30"]

1. d4 Nf6 2. c4 g6 3. Nf3 Bg7 4. g3 O-O 5. Bg2 c5 6. Nc3 d5 7. cxd5 Nxd5 8. Nxd5 Qxd5 9. O-O cxd4 10. Be3 Nc6 11. Nxd4 Qc4 12. b3 Qa6 13. Nxc6 bxc6 14. Rc1 Qxa2 15. Bxc6 Rb8 16. Rc2 Qxb3 17. Bd5 Qa4 18. Rxc8 Qxd1 19. Rxf8+ Kxf8 20. Rxd1 a5 21. Bc6 Bc3 22. Rd3 Bb4 23. Bh6+ Kg8 24. Rd7 Rc8 25. Ba4 e6 26. Ra7 Rd8 27. Kg2 Bd2 28. Bxd2 Rxd2 29. e3 Rd5 30. Be8 Kf8 31. Ba4 Rc5 32. h4 h5 33. Kf3 Rd5 34. Rb7 Rc5 35. Rb5 Rxb5 36. Bxb5 Ke7 37. Ke4 Kd6 38. f4 Ke7 39. Kd4 Kd6 40. e4 Ke7 41. e5 1-0

[Event "31st Kavala Open-A 2022"]
[Site "Kavala"]
[Date "2022.08.02"]
[Round "9.2"]
[White "Karthik Venkataraman"]
[Black "Beerdsen, Thomas"]
[Result "1/2-1/2"]
[ECO "E15"]
[WhiteElo "2483"]
[BlackElo "2500"]
[Annotator "RC"]
[PlyCount "58"]
[EventDate "2022.07.27"]
[EventType "swiss"]
[EventCountry "GRE"]
[SourceTitle "playchess.com"]
[Source "ChessBase"]
[SourceQuality "1"]
[TimeControl "40/5400+30:1800+30"]

1. d4 Nf6 2. c4 e6 3. Nf3 b6 4. g3 Ba6 5. b3 Bb4+ 6. Bd2 Be7 7. Nc3 d5 8. cxd5 exd5 9. Bg2 O-O 10. O-O Re8 11. Ne5 c5 12. Bg5 Bb7 13. dxc5 bxc5 14. Rc1 Na6 15. Nc4 Ne4 16. Nxe4 dxe4 17. Bxe7 Qxe7 18. Qc2 Nb4 19. Qb2 Nc6 20. Rfd1 Rad8 21. Ne3 Nd4 22. b4 Qf6 23. Rd2 cxb4 24. Qxb4 Ba6 25. Bf1 Rd7 26. Rcd1 Red8 27. Ng4 Qd6 28. Qa5 Qb6 29. Qxb6 axb6 1/2-1/2

[Event "31st Kavala Open-A 2022"]
[Site "Kavala"]
[Date "2022.08.02"]
[Round "9.3"]
[White "Vrolijk, Liam"]
[Black "Bharath Subramaniyam H"]
[Result "1/2-1/2"]
[ECO "A62"]
[WhiteElo "2464"]
[BlackElo "2479"]
[Annotator "RC"]
[PlyCount "94"]
[EventDate "2022.07.27"]
[EventType "swiss"]
[EventCountry "GRE"]
[SourceTitle "playchess.com"]
[Source "ChessBase"]
[SourceQuality "1"]
[TimeControl "40/5400+30:1800+30"]

1. d4 Nf6 2. c4 e6 3. g3 c5 4. d5 exd5 5. cxd5 d6 6. Nc3 g6 7. Bg2 Bg7 8. Nf3 O-O 9. O-O a6 10. a4 Re8 11. Re1 Ne4 12. Nxe4 Rxe4 13. Qc2 Rb4 14. Ra2 b5 15. axb5 Rxb5 16. Bd2 Bg4 17. Ng5 h6 18. Qc4 hxg5 19. Qxg4 Bf6 20. h4 gxh4 21. gxh4 Nd7 22. h5 Ne5 23. Qh3 Qd7 24. hxg6 Qxh3 25. gxf7+ Kxf7 26. Bxh3 Nc4 27. Be6+ Ke7 28. Bc1 a5 29. Kg2 Rh8 30. Ra4 Nxb2 31. Bxb2 Bxb2 32. Rb1 Rhb8 33. Rh1 Rh8 34. Rb1 Rhb8 35. Rh1 Rh8 36. Rb1 Rb7 37. Rxa5 c4 38. Ra4 c3 39. Rc4 Ra7 40. Kf3 Rf8+ 41. Ke3 Ra3 42. Kd3 Rxf2 43. Rc7+ Ke8 44. Rg1 c2+ 45. Kxc2 Rxe2+ 46. Kd1 Ra1+ 47. Kxe2 Rxg1 1/2-1/2

[Event "31st Kavala Open-A 2022"]
[Site "Kavala"]
[Date "2022.08.02"]
[Round "9.4"]
[White "Gopal G.N."]
[Black "Gagare, Shardul"]
[Result "1-0"]
[ECO "B45"]
[WhiteElo "2593"]
[BlackElo "2514"]
[Annotator "RC"]
[PlyCount "123"]
[EventDate "2022.07.27"]
[EventType "swiss"]
[EventCountry "GRE"]
[SourceTitle "playchess.com"]
[Source "ChessBase"]
[SourceQuality "1"]
[TimeControl "40/5400+30:1800+30"]

1. e4 c5 2. Nf3 e6 3. d4 cxd4 4. Nxd4 Nf6 5. Nc3 Nc6 6. Nxc6 bxc6 7. e5 Nd5 8. Ne4 Bb7 9. Be2 c5 10. O-O Qc7 11. Nd6+ Bxd6 12. exd6 Qc6 13. f3 e5 14. c4 Nf4 15. Bxf4 exf4 16. Qd2 O-O 17. Qxf4 Rae8 18. Bd3 Re6 19. Rfe1 Qxd6 20. Qxd6 Rxd6 21. Rad1 g6 22. Be4 Rb6 23. b3 Bxe4 24. Rxe4 Rd8 25. Re5 Rc6 26. Rdd5 d6 27. Re7 Ra6 28. Rd2 Kf8 29. Rb7 Re8 30. Rd7 Re6 31. Kf2 Ke8 32. Rb7 Kf8 33. h4 Re7 34. Rb8+ Re8 35. Rb5 Rc6 36. g4 a6 37. Rb7 Re7 38. Rb8+ Re8 39. Rxe8+ Kxe8 40. Ke3 a5 41. Kf4 Kf8 42. h5 Kg7 43. hxg6 hxg6 44. Ke4 Ra6 45. Kd5 g5 46. Re2 a4 47. bxa4 Rxa4 48. Re4 Ra3 49. Kxd6 Rxf3 50. Kxc5 Ra3 51. Re2 Rg3 52. a4 Rxg4 53. a5 Rh4 54. a6 Rh8 55. a7 f5 56. Ra2 Ra8 57. Kb6 f4 58. Kb7 Rf8 59. a8=Q Rxa8 60. Kxa8 f3 61. c5 g4 62. Rf2 1-0

[Event "31st Kavala Open-A 2022"]
[Site "Kavala"]
[Date "2022.08.02"]
[Round "9.6"]
[White "Schroeder, Jan-Christian"]
[Black "Halkias, Stelios"]
[Result "1-0"]
[ECO "B91"]
[WhiteElo "2563"]
[BlackElo "2512"]
[Annotator "RC"]
[PlyCount "88"]
[EventDate "2022.07.27"]
[EventType "swiss"]
[EventCountry "GRE"]
[SourceTitle "playchess.com"]
[Source "ChessBase"]
[SourceQuality "1"]
[TimeControl "40/5400+30:1800+30"]

1. e4 c5 2. Nf3 d6 3. d4 cxd4 4. Nxd4 Nf6 5. Nc3 a6 6. g3 e5 7. Nb3 Be7 8. Bg2 O-O 9. O-O b5 10. Be3 Nbd7 11. a4 b4 12. Nd5 a5 13. Nxe7+ Qxe7 14. Qd2 Nc5 15. Nxc5 dxc5 16. f3 Be6 17. Rfd1 Rfd8 18. Qf2 c4 19. Rxd8+ Qxd8 20. Bf1 Qd7 21. Qd2 Qc6 22. c3 b3 23. h4 Nd7 24. Kh2 Nc5 25. Bxc5 Qxc5 26. Rd1 Qc8 27. Qd6 Qe8 28. Qc7 Qb8 29. Qc5 Qf8 30. Qxe5 Rd8 31. Rd4 Rxd4 32. Qxd4 Qc8 33. f4 f6 34. Qd6 h6 35. Bg2 Qe8 36. e5 fxe5 37. Qxe5 Qd7 38. Qxa5 Qd2 39. Qa8+ Kf7 40. f5 Bxf5 41. Qd5+ Qxd5 42. Bxd5+ Be6 43. Bxe6+ Kxe6 44. Kg2 Kd5 1-0

[Event "31st Kavala Open-A 2022"]
[Site "Kavala"]
[Date "2022.08.02"]
[Round "9.7"]
[White "Can, Isik"]
[Black "Priyanka Nutakki"]
[Result "1-0"]
[ECO "B90"]
[WhiteElo "2445"]
[BlackElo "2308"]
[Annotator "RC"]
[PlyCount "53"]
[EventDate "2022.07.27"]
[EventType "swiss"]
[EventCountry "GRE"]
[SourceTitle "playchess.com"]
[Source "ChessBase"]
[SourceQuality "1"]
[TimeControl "40/5400+30:1800+30"]

1. e4 c5 2. Nf3 d6 3. d4 cxd4 4. Nxd4 Nf6 5. Nc3 a6 6. Be3 e5 7. Nb3 Be7 8. h3 h6 9. f4 Qc7 10. Qd2 b5 11. O-O-O Nbd7 12. g4 Bb7 13. Nd5 Bxd5 14. exd5 O-O 15. Kb1 a5 16. fxe5 Nxe5 17. Nd4 Nc4 18. Bxc4 Qxc4 19. Bxh6 gxh6 20. Nf5 Bd8 21. Qxh6 Ne8 22. Rhe1 Rc8 23. c3 Bf6 24. Rd4 Qxd4 25. cxd4 Rc7 26. a4 b4 27. Rxe8 1-0